 Dungeon Crawl Stone Soup version 0.21-a0-137-g951aa02 (webtiles) character file.

61204 grindst0ne the Severer (level 15, 0/135 HPs)
             Began as a Hill Orc Necromancer on July 18, 2017.
             Was the Champion of Kikubaaqudgha.
             Killed by vampiric draining
             ... invoked by a vampire
              (16 damage)
             ... on level 11 of the Dungeon.
             The game lasted 01:54:53 (23503 turns).

grindst0ne the Severer (Hill Orc Necromancer)      Turns: 23503, Time: 01:54:54

Health: 0/135      AC: 21    Str: 18    XL:     15   Next: 2%
Magic:  20/22      EV:  8    Int: 20    God:    Kikubaaqudgha [******]
Gold:   1354       SH:  0    Dex: 11    Spells: 1/24 levels left

rFire    + + .     SeeInvis .   f - +4 battleaxe (freeze)
rCold    + + .     Gourm    .   (shield currently unavailable)
rNeg     . . .     Faith    .   V - +2 chain mail {rF+}
rPois    +         Spirit   .   a - +2 hat
rElec    +         Reflect  .   O - +2 cloak {rC+}
rCorr    +         Harm     .   (no gloves)
MR       +....                  b - +0 pair of boots
Stlth    ..........             e - amulet of regeneration
HPRegen  1.72/turn              T - ring of wizardry
MPRegen  0.18/turn              s - ring of poison resistance

@: mighty, resistant, barbed spikes, very slightly contaminated, regenerating
A: no striking features
a: Receive Corpses, Torment, Brand Weapon With Pain, Receive Necronomicon,
Renounce Religion


You were on level 11 of the Dungeon.
You worshipped Kikubaaqudgha.
Kikubaaqudgha was exalted by your worship.
You were not hungry.

You visited 3 branches of the dungeon, and saw 19 of its levels.
You also visited: Sewer, Ossuary, Ice Cave and Volcano.

You collected 1855 gold pieces.
You spent 501 gold pieces at shops.

Inventory:

Hand Weapons
 f - a +4 battleaxe of freezing (weapon)
 z - a +0 scimitar of flaming
Armour
 a - a +2 hat (worn)
 b - a +0 pair of boots (worn)
 q - a scarf of repulsion
 O - a +2 cloak of cold resistance (worn)
 V - a +2 chain mail of fire resistance (worn)
 X - a +1 leather armour of fire resistance
Jewellery
 e - an amulet of regeneration (around neck)
 s - a ring of poison resistance (right hand)
 B - an uncursed amulet of magic regeneration
 T - a ring of wizardry (left hand)
Wands
 h - a wand of enslavement (9/24)
 C - a wand of paralysis (12/24)
 D - a wand of flame (27/48)
 F - a wand of clouds (0/9)
 M - a wand of enslavement (11/24)
Scrolls
 g - a scroll of summoning
 n - a scroll of silence
 A - 8 scrolls of remove curse
 E - a scroll of vulnerability {unknown}
 J - 9 scrolls of amnesia
 L - 2 scrolls of enchant armour
 N - a scroll of holy word
 P - 3 scrolls of magic mapping
 S - 2 scrolls of enchant weapon
 W - a scroll of recharging
Potions
 j - 5 potions of flight
 l - 5 potions of brilliance
 v - 4 potions of mutation
 w - a potion of cancellation
 G - a potion of magic
 K - a potion of might
Books
 k - Kikubaaqudgha's Incunabulum of Unholy Arts
   (Kikubaaqudgha gifted it to you on level 8 of the Dungeon)

   Spells                             Type                      Level
   a - Animate Dead                   Necromancy                   4
   b - Excruciating Wounds            Charms/Necromancy            5
   c - Bolt of Draining               Conjuration/Necromancy       5
   d - Dispel Undead                  Necromancy                   5
   e - Death Channel                  Necromancy                   6
 m - the Catalogue of Noxious Weightlessness
   (You found it on level 6 of the Lair of Beasts)

   Spells                             Type                      Level
   a - Mephitic Cloud                 Conjuration/Poison/Air       3
   b - Ignite Poison                  Fire/Transmutation/Poison    3
   c - Summon Lightning Spire         Summoning/Air                4
   d - Lightning Bolt                 Conjuration/Air              5
   e - Deflect Missiles               Charms/Air                   6
   f - Conjure Ball Lightning         Conjuration/Air              6
 r - a book of Cantrips

   Spells                             Type                      Level
   a - Confusing Touch                Hexes                        1
   b - Animate Skeleton               Necromancy                   1
   c - Summon Small Mammal            Summoning                    1
   d - Apportation                    Translocation                1
 y - Kikubaaqudgha's Guide on Darkness
   (Kikubaaqudgha gifted it to you on level 6 of the Dungeon)

   Spells                             Type                      Level
   a - Animate Skeleton               Necromancy                   1
   b - Corpse Rot                     Necromancy                   2
   c - Sublimation of Blood           Necromancy                   2
   d - Vampiric Draining              Necromancy                   3
   e - Control Undead                 Necromancy                   4
 H - a book of Callings

   Spells                             Type                      Level
   a - Summon Small Mammal            Summoning                    1
   b - Call Imp                       Summoning                    2
   c - Call Canine Familiar           Summoning                    3
   d - Summon Guardian Golem          Hexes/Summoning              3
   e - Summon Lightning Spire         Summoning/Air                4
   f - Summon Ice Beast               Ice/Summoning                4
Comestibles
 c - a bread ration
 d - 3 chunks of flesh
 u - 5 meat rations
 x - 16 royal jellies
 Q - 10 fruits


   Skills:
 - Level 13.0 Fighting
 + Level 17.4 Axes
 - Level 11.3 Armour
 - Level 1.5 Dodging
 - Level 1.5 Stealth
 - Level 5.2 Spellcasting
 + Level 1.3 Conjurations
 + Level 1.0 Charms
 + Level 14.3 Necromancy


You had one spell level left.
You knew the following spells:

 Your Spells              Type           Power        Failure   Level  Hunger
a - Pain                  Necr           ####         1%          1    None
b - Animate Skeleton      Necr           N/A          1%          1    None
c - Vampiric Draining     Necr           ######....   1%          3    ##.....
d - Regeneration          Chrm/Necr      #####.....   4%          3    ##.....
e - Control Undead        Necr           ######....   1%          4    ####...
f - Death Channel         Necr           ######....   16%         6    #######
g - Bolt of Draining      Conj/Necr      #####.....   36%         5    #####..


Dungeon Overview and Level Annotations

Branches:
Dungeon (12/15)            Temple (1/1) D:4            Lair (6/6) D:11
  Swamp (0/4) Lair:4        Snake (0/4) Lair:2        Slime (0/5) Lair:5
    Orc (0/2) D:12

Altars:
Ashenzari
Dithmenos
Elyvilon
Fedhas
Gozag
Hepliaklqana
Kikubaaqudgha
Makhleb
Nemelex Xobeh
Okawaru
Sif Muna
Trog
Uskayaw
Vehumet
Wu Jian
Xom
Yredelemnul
Zin
Beogh
Jiyva

Shops:
D:5 (   D:6 *   D:10 ?

Portals:
Hell: Lair:6

Annotations:
D:8 exclusion: downstairs


Message History

Okay, then.
There isn't anything here!
Casting: Regeneration
Confirm with . or Enter, or press ? or * to list all spells.
You can't see any susceptible monsters within range! (Use Z to cast anyway.)
Casting: Regeneration
Confirm with . or Enter, or press ? or * to list all spells.
Okay, then.
You feel very mighty all of a sudden. Something hits you but does no damage.
Something bites you but does no damage.
You miss something.
You flicker back into view.
You slash something! You freeze something. You closely miss something.
Something hits you but does no damage. Something bites you but does no damage.
You barely miss something. Something hits you but does no damage.
Something bites you but does no damage.
You slash something! You freeze something.
Unholy energy fills the air.
You die...
Kikubaaqudgha rasps: "You have failed me!
Welcome... death!"

#####.....§≈≈...# ##.##.##
##..≈§≈≈.§..###### #..##.##
#.≈≈§..§≈.......#####.......
#.§≈.§.≈≈.(........##.###.##
#..≈..≈§§.###...............
#§≈≈§≈≈≈..##....####..######
#§.≈§≈≈...#.#.#.## #..# ###
#...§.....u##.#..# #..# #..
##.)[.....F@.....# #..# #.#
######.##{##.#..###..# #.#
#.###.#.#...##..####.#
#.####...#............
#...............######
#################


You could see a friendly red ugly thing and a friendly bullfrog.

Vanquished Creatures
  A frost giant (IceCv)
  2 hydras (Lair:5)
  Erolcha (D:9)
  Erica (D:7)
  4 two-headed ogres
  The ghost of nikopol the Thaumaturge, a journeyman DEFE of Vehumet (D:10)
  10 death yaks
  A sun demon (Lair:6)
  6 wizards
  An orc knight (D:12)
  An ugly thing (D:9)
  4 toenail golems (Volcano)
  Maurice (D:8)
  A manticore (D:11)
  A smoke demon (Lair:6)
  4 black mambas
  Joseph (D:8)
  2 torpor snails (Lair:5)
  8 elephants
  7 spiny frogs
  6 rime drakes
  An orange demon (Lair:5)
  6 komodo dragons
  2 ice devils
  12 polar bears (IceCv)
  A troll (D:10)
  Prince Ribbit (D:6)
  7 blink frogs
  A dream sheep (Lair:5)
  5 hippogriffs
  Sigmund (D:6)
  46 yaks
  4 wyverns
  A basilisk (Lair:3)
  A steam dragon (D:11)
  Grum (D:9)
  A hungry ghost (D:11)
  2 insubstantial wisps (D:11)
  2 nagas (Lair:2)
  3 hell hounds (Lair:6)
  6 porcupines
  10 water moccasins
  5 orc warriors
  2 ice beasts (D:7)
  6 sky beasts
  3 black bears
  5 phantoms
  25 wolves
  5 centaurs
  5 ogres
  2 big kobolds
  4 crocodiles
  14 bullfrogs
  A wyvern zombie (D:8)
  2 scorpions
  12 killer bees
  6 wights (D:9)
  3 howler monkeys
  An electric eel (Lair:1)
  2 crimson imps
  6 jellies
  3 quasits
  4 hounds
  13 orc priests
  11 orc wizards
  3 bullfrog skeletons
  Jessica (D:2)
  A human skeleton (D:4)
  2 iguanas (D:10)
  2 hell rats (Lair:6)
  7 worker ants
  2 killer bee zombies
  3 hound zombies
  Robin (D:4)
  A worker ant zombie (D:8)
  9 gnolls
  3 river rats
  10 adders
  4 shadow imps
  5 oozes (D:9)
  An adder zombie (D:6)
  2 adder skeletons
  2 worms
  5 dart slugs
  10 leopard geckos
  48 orcs
  9 bats
  6 giant cockroaches
  A gnoll zombie (Ossuary)
  11 goblins
  13 hobgoblins
  12 jackals
  4 quokkas
  3 frilled lizards
  14 kobolds
  A kobold zombie (D:4)
  A leopard gecko skeleton (D:5)
  An orc zombie (Ossuary)
  7 rats
  4 fungi
  3 plants
530 creatures vanquished.

Vanquished Creatures (collateral kills)
  Fannar (Lair:1)
  2 hydras
  A dancing weapon (Volcano)
  4 death yaks
  A toenail golem (Volcano)
  4 elephants (Lair:6)
  An ice statue (IceCv)
  A torpor snail (Lair:6)
  2 spiny frogs
  A rime drake (Lair:6)
  2 ice devils (Lair:6)
  3 polar bears (IceCv)
  A blink frog (Lair:4)
  7 yaks
  A naga (Lair:2)
  2 water moccasins
  3 hell hounds
  2 orc warriors
  4 wolves
  2 crocodiles (Lair:2)
  2 bullfrogs
  A gnoll sergeant (D:9)
  2 wights (D:9)
  A centaur zombie (Ossuary)
  2 crimson imps (D:6)
  A jelly (D:9)
  An orc wizard (D:6)
  2 worker ants
  4 hell rats (Lair:6)
  A dart slug (D:1)
  8 orcs
  3 goblins (D:3)
  A quokka (D:10)
  A bat (D:3)
  2 frilled lizards (D:3)
  2 rats
  4 fungi
  3 plants (Lair:6)
86 creatures vanquished.

Vanquished Creatures (others)
  2 jackals (D:4)
  A ball python (D:4)
  6 fungi (Lair:6)
  8 plants
17 creatures vanquished.

Grand Total: 633 creatures vanquished

Notes
Turn   | Place    | Note
-------+----------+-------------------------------------------
     0 | D:1      | grindst0ne the Hill Orc Necromancer began the quest for the Orb.
     0 | D:1      | Reached XP level 1. HP: 14/14 MP: 3/3
   217 | D:1      | Reached skill level 1 in Fighting
   273 | D:1      | Reached XP level 2. HP: 24/24 MP: 4/4
   306 | D:1      | Learned a level 1 spell: Animate Skeleton
   635 | D:1      | Reached XP level 3. HP: 15/31 MP: 5/5
  1091 | D:2      | Noticed Jessica
  1097 | D:2      | Killed Jessica
  1097 | D:2      | Reached XP level 4. HP: 38/41 MP: 6/6
  1103 | D:2      | Learned a level 3 spell: Vampiric Draining
  1514 | D:2      | Reached skill level 5 in Fighting
  1658 | D:2      | Reached XP level 5. HP: 34/48 MP: 7/7
  2215 | D:4      | Noticed Robin
  2474 | D:4      | Killed Robin
  2532 | D:4      | Found a staircase to the Ecumenical Temple.
  2541 | Temple   | Entered the Ecumenical Temple
  2565 | Temple   | Became a worshipper of Kikubaaqudgha
  2589 | D:4      | Noticed a human
  2590 | D:4      | Found a runed door.
  2617 | D:4      | Reached XP level 6. HP: 33/58 MP: 8/8
  2671 | D:4      | Learned a level 3 spell: Regeneration
  2681 | D:4      | Found a basalt altar of Yredelemnul.
  2861 | D:4      | Noticed a phantom
  2940 | D:4      | Killed a phantom
  3205 | D:4      | Noticed a phantom
  3413 | D:5      | Entered Level 5 of the Dungeon
  3413 | D:5      | Noticed a phantom
  3863 | D:5      | Found Rottaka's Antique Weapon Shop.
  4050 | D:5      | Bought a polished hand axe for 144 gold pieces
  4257 | D:5      | Reached XP level 7. HP: 67/69 MP: 9/9
  4656 | D:5      | Found an ornate altar of the Wu Jian Council.
  5398 | D:5      | Reached skill level 10 in Fighting
  5428 | D:6      | Reached * piety under Kikubaaqudgha
  5428 | D:6      | Identified Kikubaaqudgha's Guide on Darkness (Kikubaaqudgha gifted it to you on level 6 of the Dungeon)
  5428 | D:6      | Received a gift from Kikubaaqudgha
  5428 | D:6      | Reached XP level 8. HP: 68/79 MP: 10/10
  5467 | D:6      | Found a sand-covered staircase.
  5473 | Ossuary  | Entered an ossuary
  5630 | D:6      | Found a glowing drain.
  5634 | Sewer    | Entered a sewer
  5892 | Sewer    | Found a glowing silver altar of Zin.
  6057 | D:6      | Found Feaciy's General Store.
  6223 | D:6      | Found a sparkling altar of Nemelex Xobeh.
  6702 | D:6      | Noticed Prince Ribbit
  6791 | D:6      | Noticed Sigmund
  6857 | D:6      | Killed Sigmund
  7049 | D:6      | HP: 4/85 [Prince Ribbit (5)]
  7483 | D:6      | Killed Prince Ribbit
  7483 | D:6      | Reached XP level 9. HP: 83/93 MP: 7/11
  7765 | D:7      | Reached skill level 1 in Armour
  7768 | D:7      | Identified the +8 hand axe of Eternal Night {drain, rElec Str+3} (You bought it in a shop on level 5 of the Dungeon)
  7870 | D:7      | Reached skill level 1 in Axes
  7962 | D:7      | Found an opulent altar of Gozag.
  8060 | D:7      | Reached ** piety under Kikubaaqudgha
  8060 | D:7      | Reached skill level 2 in Axes
  8107 | D:7      | Reached skill level 5 in Necromancy
  8412 | D:7      | Reached skill level 3 in Axes
  8587 | D:8      | Noticed Joseph
  8603 | D:8      | Killed Joseph
  8641 | D:8      | Reached skill level 4 in Axes
  8676 | D:8      | Noticed Erica
  8677 | D:8      | Found a shimmering altar of Xom.
  8678 | D:8      | Noticed an angel
  8710 | D:8      | Noticed Maurice
  8785 | D:7      | Killed Erica
  8785 | D:7      | Reached skill level 5 in Axes
  8785 | D:7      | Reached skill level 5 in Armour
  8785 | D:7      | Reached XP level 10. HP: 29/101 MP: 9/12
  9032 | D:8      | Killed Maurice
  9032 | D:8      | Reached skill level 6 in Axes
  9141 | D:8      | Noticed a two-headed ogre
  9157 | D:8      | Killed a two-headed ogre
  9157 | D:8      | Reached skill level 7 in Axes
  9280 | D:8      | Found a hide-covered altar of Uskayaw.
  9280 | D:8      | Found a hazy altar of Hepliaklqana.
  9280 | D:8      | Found a bloodstained altar of Trog.
  9292 | D:8      | Found a shattered altar of Ashenzari.
  9386 | D:8      | Found a glowing silver altar of Zin.
  9557 | D:9      | Noticed Erolcha
  9567 | D:9      | Paralysed by Erolcha for 7 turns
  9726 | D:9      | Noticed a red ugly thing
  9740 | D:9      | Killed a red ugly thing
 10002 | D:9      | Found a shadowy altar of Dithmenos.
 10018 | D:8      | Reached *** piety under Kikubaaqudgha
 10018 | D:8      | Identified Kikubaaqudgha's Incunabulum of Unholy Arts (Kikubaaqudgha gifted it to you on level 8 of the Dungeon)
 10018 | D:8      | Received a gift from Kikubaaqudgha
 10067 | D:8      | Learned a level 4 spell: Control Undead
 10123 | D:9      | Reached skill level 8 in Axes
 10170 | D:9      | Killed Erolcha
 10170 | D:9      | Reached XP level 11. HP: 59/107 MP: 13/13
 10681 | D:9      | Noticed Grum
 10682 | D:9      | Reached skill level 9 in Axes
 10699 | D:9      | Killed Grum
 10902 | D:9      | Reached **** piety under Kikubaaqudgha
 11336 | D:10     | Entered Level 10 of the Dungeon
 11346 | D:10     | Noticed a two-headed ogre
 11550 | D:10     | Killed a two-headed ogre
 11764 | D:10     | Noticed a two-headed ogre
 11779 | D:10     | Killed a two-headed ogre
 11779 | D:10     | Reached skill level 10 in Axes
 12121 | D:10     | Got an ichor-stained leather armour
 12132 | D:10     | Identified the +1 leather armour of Disguise {rC+ rCorr Dex+3 Slay-4} (You took it off an orc on level 10 of the Dungeon)
 12328 | D:10     | Noticed nikopol's ghost (journeyman DEFE)
 12342 | D:10     | Killed nikopol's ghost
 12713 | D:10     | Found Ydwiyri's Magic Scroll Boutique.
 12721 | D:10     | Bought a scroll of summoning for 133 gold pieces
 12721 | D:10     | Bought a scroll of enchant armour for 105 gold pieces
 12721 | D:10     | Bought a scroll of noise for 14 gold pieces
 12721 | D:10     | Bought a scroll of holy word for 105 gold pieces
 12865 | D:11     | Found a staircase to the Lair.
 13165 | D:11     | Noticed a manticore
 13515 | D:11     | Noticed a two-headed ogre
 13535 | D:11     | Killed a two-headed ogre
 13659 | D:11     | Reached skill level 11 in Axes
 13683 | D:11     | Killed a manticore
 13683 | D:11     | Reached XP level 12. HP: 54/115 MP: 14/14
 13937 | D:11     | Reached skill level 10 in Armour
 14066 | Lair:1   | Entered Level 1 of the Lair of Beasts
 14066 | Lair:1   | Found a frozen archway.
 14123 | IceCv    | Entered an ice cave
 14180 | IceCv    | Reached skill level 10 in Necromancy
 14526 | IceCv    | Reached skill level 12 in Axes
 14622 | IceCv    | Reached ***** piety under Kikubaaqudgha
 14719 | IceCv    | Noticed a frost giant
 14755 | IceCv    | Killed a frost giant
 15284 | Lair:1   | Noticed Fannar
 15299 | Lair:1   | Killed Fannar
 15587 | Lair:1   | Reached skill level 13 in Axes
 15662 | Lair:1   | Identified a scroll of acquirement
 15912 | Lair:2   | Found a staircase to the Snake Pit.
 15918 | Lair:2   | Reached XP level 13. HP: 93/122 MP: 16/16
 16761 | Lair:3   | Found a dark tunnel.
 16766 | Volcano  | Entered a volcano
 17338 | Volcano  | Identified Raicleti's Reference Book on Cankerous Sinister Secrets
 17492 | Lair:3   | Reached skill level 14 in Axes
 18221 | Lair:4   | Found a staircase to the Swamp.
 19061 | Lair:5   | Reached skill level 5 in Spellcasting
 19192 | Lair:5   | Found a runed door.
 19259 | Lair:5   | Found a staircase to the Slime Pits.
 19260 | Lair:5   | Found a viscous altar of Jiyva.
 19653 | Lair:3   | Reached skill level 15 in Axes
 19653 | Lair:3   | Reached XP level 14. HP: 40/129 MP: 21/21
 20867 | Lair:6   | Entered Level 6 of the Lair of Beasts
 21184 | Lair:5   | Reached skill level 16 in Axes
 22319 | Lair:6   | Reached skill level 17 in Axes
 22327 | Lair:6   | Found a burning altar of Makhleb.
 22639 | Lair:6   | Found a gateway to Hell.
 22646 | Lair:6   | Identified the Catalogue of Noxious Weightlessness
 23101 | D:12     | Learned a level 6 spell: Death Channel
 23107 | D:12     | Learned a level 5 spell: Bolt of Draining
 23277 | D:12     | Reached skill level 1 in Conjurations
 23277 | D:12     | Reached XP level 15. HP: 103/135 MP: 20/22
 23285 | D:12     | Found a roughly hewn altar of Beogh.
 23285 | D:12     | Found a staircase to the Orcish Mines.
 23300 | D:12     | Reached ****** piety under Kikubaaqudgha
 23370 | D:12     | Reached skill level 1 in Charms
 23491 | D:11     | HP: 4/135 [something (8)]
 23503 | D:11     | Killed from afar by a vampire

Vault maps used:
D:1:      dpeg_arrival_shelter
D:2:      first_bread, uniq_jessica
D:4:      minmay_temple_entry_large_hall, dk_yredelemnul_ordeal, uniq_robin
D:5:      serial_shops, shop, basic_altar
D:6:      nemelex_xobeh_ov_fountains_minmay, nicolae_ossuary_entry_plus,
          serial_shops, nicolae_shop_stone, gup_sewer_entry_bowl, uniq_sigmund,
          uniq_prince_ribbit1
D:7:      nicolae_gozag_seed_capital
D:8:      grunt_temple_overflow_order_and_chaos_1,
          grunt_temple_overflow_cloverleaf, uniq_erica, uniq_joseph,
          uniq_maurice
D:9:      grunt_dithmenos_smoke_and_mirrors, hangedman_little_slice_of_home,
          uniq_erolcha, uniq_grum
D:10:     serial_shops, shop, serial_co_window_serial, co_window_corner_a,
          co_window_paths_a, co_window_of_opportunity_a, co_window_cross_1,
          co_window_corner_a, co_window_broadway_a, co_window_unsneaky_path_c,
          co_window_corner_ca, co_window_4corner_b, co_window_4corner_a,
          glass_columns_c
D:11:     minmay_lair_entry_lava, hangedman_misty_isle
D:12:     david_orc_5, serial_bayou_lagoon_a
Temple:   cyrus_circular_temple
Lair:1:   portal_ice_cave_entry_pillars_1, fungi_pond_lemuel, uniq_fannar
Lair:2:   guppyfry_snake_entry_garden
Lair:3:   enter_volcano_4
Lair:4:   swamp_mist, grunt_megastairs_2
Lair:5:   minmay_guarded_unrand_snakebite, slime_altar_1, pf_torpor_hydra
Lair:6:   evil_forest
Sewer:    sewer_kobolds
Ossuary:  minmay_ossuary_gauntlet
IceCv:    ice_cave_small_giant
Volcano:  volcano_bunker

Skill      XL: |  1  2  3  4  5  6  7  8  9 10 11 12 13 14 15 |
---------------+----------------------------------------------+-----
Fighting       | 1 3 4 5 6 8 10 13 | 13.0
Armour         | 5 7 9 11 | 11.3
Axes           | 5 8 11 13 15 17 | 17.4
Necromancy     | 6 8 9 11 12 14 | 14.3
Spellcasting   | 2 5 |  5.2
Conjurations   | 1 |  1.3
Charms         | 1 |  1.0
Dodging        | |  1.5
Stealth        | |  1.5

Action                   |  1- 3 |  4- 6 |  7- 9 | 10-12 | 13-15 || total
-------------------------+-------+-------+-------+-------+-------++-------
Melee: Unarmed           |    21 |       |       |       |       ||    21
       Dagger            |    30 |       |       |       |       ||    30
       Short sword       |    46 |   653 |   613 |       |       ||  1312
       Hand axe          |       |       |    62 |   592 |       ||   654
       Battleaxe         |       |       |       |    49 |   714 ||   763
       Scimitar          |       |       |       |       |    35 ||    35
 Cast: Pain              |    33 |    54 |    56 |     6 |       ||   149
       Animate Skeleton  |     6 |    20 |    34 |    60 |   100 ||   220
       Vampiric Draining |       |    27 |    56 |    66 |       ||   149
       Regeneration      |       |       |     1 |     1 |     2 ||     4
Invok: Receive Corpses   |       |       |     6 |     6 |     9 ||    21
       Torment           |       |       |       |       |     1 ||     1
Evoke: Wand              |       |       |       |     7 |     2 ||     9
       Box of beasts     |       |       |       |       |     3 ||     3
  Use: Scroll            |       |     7 |     6 |    14 |    14 ||    41
       Potion            |       |     3 |     6 |     8 |     9 ||    26
 Stab: Sleeping          |     2 |     3 |     1 |     2 |       ||     8
       Distracted        |       |     1 |     1 |     2 |     9 ||    13
       Confused          |       |       |       |     3 |       ||     3
  Eat: Chunk             |     2 |    10 |    27 |    32 |    26 ||    97
       Bread ration      |       |     2 |       |     1 |     1 ||     4
Armor: Robe              |    13 |       |       |       |       ||    13
       Leather armour    |    30 |   173 |   246 |   223 |    46 ||   718
       Chain mail        |       |       |       |       |   527 ||   527
       Skin              |       |       |       |       |     5 ||     5
Dodge: Dodged            |    89 |   354 |   553 |   417 |   321 ||  1734
       Rpst.: Scimitar   |       |       |       |       |     2 ||     2
